 Dungeon Crawl Stone Soup version 0.13-a0-1693-g8ac13c1 (webtiles) character file.

225 BlackAndWhite the Sneak (level 5, -9/38 HPs)
             Began as a Human Assassin on June 20, 2013.
             Was an Initiate of Okawaru.
             Mangled by a gnoll
             ... wielding a +0,+0 halberd
              (15 damage)
             ... on Level 2 of the Dungeon.
             The game lasted 00:05:56 (2289 turns).

BlackAndWhite the Sneak (Human Assassin)            Turns: 2289, Time: 00:05:56

HP  -9/38        AC  3     Str 13      XL: 5   Next:  6%
MP   4/4         EV 12     Int 11      God: Okawaru [......]
Gold 123         SH  0     Dex 14      Spells:  0 memorised,  4 levels left

Res.Fire  : . . .   See Invis. : .   b - +0 blowgun
Res.Cold  : . . .   Warding    : .   c - +0 robe
Life Prot.: . . .   Conserve   : .   (no shield)
Res.Poison: .       Res.Corr.  : .   q - +0 cap
Res.Elec. : .       Clarity    : .   d - +0 cloak
Sust.Abil.: . .     Spirit.Shd : .   (no gloves)
Res.Mut.  : .       Stasis     : .   (no boots)
Res.Rott. : .       Flight     : .   (no amulet)
Saprovore : . . .                    (no ring)
                                     (no ring)

@: slightly resistant to hostile enchantments, stealthy
A: no striking features
a: Renounce Religion


You were on level 2 of the Dungeon.
You worshipped Okawaru.
Okawaru was noncommittal.
You were not hungry.

You visited 1 branch of the dungeon, and saw 2 of its levels.

You collected 73 gold pieces.

Inventory:

Hand weapons
 a - a +2,+2 dagger {=f}
 b - a +0 blowgun (weapon)
Missiles
 e - 3 poisoned needles (quivered)
 f - a curare-tipped needle
Armour
 c - a +0 robe (worn)
 d - a +0 cloak (worn)
 q - a +0 cap (worn)
Comestibles
 g - 3 bread rations
 o - 3 rotting chunks of hobgoblin flesh
 u - 2 rotting chunks of hobgoblin flesh
 w - a meat ration
 x - a chunk of bat flesh
Scrolls
 h - 6 scrolls of identify {unknown}
 l - 2 scrolls of enchant weapon II {unknown}
 r - a scroll of fear {unknown}
 t - a scroll of blinking {unknown}
Jewellery
 m - a cursed ring of hunger {unknown}
Potions
 i - 2 potions of curing {unknown}
 j - a potion of brilliance {unknown}
 k - 2 potions of confusion {unknown}
 n - a potion of speed {unknown}
 p - a potion of cure mutation {unknown}
 v - a potion of magic {unknown}
 z - a potion of slowing {unknown}


   Skills:
 + Level 2.4 Fighting
 + Level 2.9 Short Blades
 + Level 2.4 Throwing
 + Level 1.4 Dodging
 * Level 5.1 Stealth


You had 4 spell levels left.
You didn't know any spells.

Dungeon Overview and Level Annotations

Branches:
Dungeon (2/27)

Altars:
Okawaru


Message History

e - a poisoned needle
e - 2 poisoned needles (gained 1)
You see here a halberd.
e - 3 poisoned needles (gained 1)
There isn't anything here!
You see here a halberd.
There isn't anything to butcher here.
e - 4 poisoned needles (gained 1)
The gnoll shouts!
The gnoll hits you from afar with a halberd!
* * * LOW HITPOINT WARNING * * *
You see here a poisoned needle.
The gnoll barely misses you.
You see here a poisoned needle.
Firing (i - inventory. (,) - cycle):
e - 4 poisoned needles (quivered)
Press: ? - help, Shift-Dir - straight line, f - gnoll
Aim: a gnoll, wielding a halberd You shoot a poisoned needle.
The poisoned needle hits the gnoll.
The gnoll hits you from afar with a halberd!
You die...

.########.######.####.###.####.#
........>......................#
.########.######.####.##########
.# #.# #.# #.# .# #.# #.# #.# (#
#.######.# #.# g# #........# #.#
.# #############.# g#
#..(.g.@..)..# .# #.############
g# #.# .# #.# .#########.#
(...g(g..(.# ############


You could see a gnoll.

Vanquished Creatures
  2 adders (D:2)
  3 gnolls (D:2)
  A giant gecko (D:1)
  8 bats
  2 giant cockroaches
  9 hobgoblins
  5 jackals
  A kobold (D:1)
  5 giant newts
  7 goblins
  9 rats
52 creatures vanquished.

Notes
Turn   | Place    | Note
--------------------------------------------------------------
     0 | D:1      | BlackAndWhite, the Human Assassin, began the quest for the Orb.
     0 | D:1      | Reached XP level 1. HP: 15/15 MP: 0/0
    60 | D:1      | Reached XP level 2. HP: 11/21 MP: 1/1
   877 | D:1      | Reached XP level 3. HP: 21/26 MP: 2/2
   951 | D:1      | Found an iron altar of Okawaru.
  1018 | D:1      | Became a worshipper of Warmaster Okawaru
  1678 | D:2      | Reached XP level 4. HP: 25/33 MP: 3/3
  2214 | D:2      | Reached skill level 5 in Stealth
  2250 | D:2      | Reached XP level 5. HP: 14/38 MP: 4/4
  2289 | D:2      | Mangled by a gnoll

Action                   |  1- 3 |  4- 6 || total
-------------------------+-------+-------++-------
Melee: Dagger            |    88 |    48 ||   136
 Fire: Blowgun           |    12 |    18 ||    30
 Stab: Sleeping          |     6 |     3 ||     9
